 Dungeon Crawl Stone Soup version 0.30-a0-542-ge43150dd35 (webtiles) character file.

Game seed: 3036257270035432486

261 Bnni the Vexing (level 6, -2/44 HPs)
             Began as a Formicid Hexslinger on Dec 26, 2022.
             Engulfed by a cloud of steam (17 damage)
             ... on level 3 of the Dungeon.
             The game lasted 00:03:08 (2672 turns).

Bnni the Vexing (Formicid Hexslinger)               Turns: 2672, Time: 00:03:08

Health: -2/44      AC:  3    Str: 15    XL:     6   Next: 41%
Magic:  9/9        EV: 16    Int: 14    God:
Gold:   179        SH:  0    Dex: 14    Spells: 5/9 levels left

rFire   . . .      SeeInvis +    a - +1 sling
rCold   + . .      Faith    .    q - orb {light}
rNeg    . . .      Spirit   .    c - +0 robe
rPois   .          Reflect  .    (helmet unavailable)
rElec   .          Harm     .    (no cloak)
rCorr   .          Rampage  .    p - +0 pair of gloves
Will    .....                    (no boots)
Stlth   +                        (no amulet)
HPRegen 0.27/turn                n - +4 ring of evasion
MPRegen 0.11/turn                r - ring of protection from cold

@: confused, glowing
A: permanent stasis, dig shafts and tunnels, antennae 3, four strong arms
a: Dig, Shaft Self


You were on level 3 of the Dungeon.
You visited 1 branch of the dungeon, and saw 3 of its levels.

You collected 179 gold pieces.

Inventory:

Hand Weapons
 a - a +1 sling (weapon)
 v - a +2 dagger of venom
Armour
 c - a +0 robe (worn)
 p - a +0 pair of gloves (worn)
 q - an orb of light (worn)
Jewellery
 n - a +4 ring of evasion (left hand)
 r - a ring of protection from cold (right hand)
Wands
 u - a wand of charming (10)
Scrolls
 b - a scroll of poison
 d - 10 scrolls of identify {unknown}
 f - 2 scrolls of blinking {unknown}
 g - a scroll of vulnerability {unknown}
 h - 2 scrolls of teleportation {unknown}
 i - 2 scrolls of fear {unknown}
 m - a scroll of butterflies {unknown}
 s - a scroll of immolation {unknown}
Potions
 e - a potion of degeneration {unknown}
 j - a potion of brilliance {unknown}
 k - a potion of curing {unknown}
 l - a potion of attraction {unknown}
 o - a potion of berserk rage {unknown}
 t - a potion of haste {unknown}


   Skills:
 + Level 2.3 Fighting
 * Level 3.6 Ranged Weapons
 - Level 1.7 Dodging
 + Level 2.1 Spellcasting
 * Level 5.1 Hexes
 * Level 2.6 Fire Magic


You had 5 spell levels left.
You knew the following spells:

 Your Spells              Type           Power      Damage    Failure   Level
a - Slow                  Hex            60%        N/A       2%          1
b - Inner Flame           Hex/Fire       12%        N/A       14%         3

Your spell library contained the following spells:

 Spells                   Type           Power      Damage    Failure   Level
 Magic Dart               Conj           4%         1d3       24%         1
 Portal Projectile        Hex/Tloc       16%        N/A       24%         3
 Cause Fear               Hex            7%         N/A       28%         4
 Call Imp                 Summ           1%         N/A       34%         2
 Mephitic Cloud           Conj/Pois/Air  1%         N/A       56%         3
 Malign Gateway           Summ/Tloc      0%         N/A       100%        7
 Summon Horrible Things   Summ           0%         N/A       100%        8


Dungeon Overview and Level Annotations

Branches:
Dungeon (3/15)

Altars:
Fedhas
Qazlal


Innate Abilities, Weirdness & Mutations

You cannot be hasted, slowed, berserked, paralysed or teleported.
You can dig through walls and to a lower floor.
You have a pair of large antennae on your head. (SInv)
Your four strong arms can wield two-handed weapons with a shield.


Message History

There is an open door here.
You enter the shallow water.
Moving in this stuff is going to be slow.
The orc wizard casts a spell at you. You resist with some effort.
The orc wizard gestures at you while chanting.
You are more confused.
You enter the shallow water.
Moving in this stuff is going to be slow.
The orc wizard attacks as you move away!
The orc wizard closely misses you.
You enter the shallow water.
Moving in this stuff is going to be slow.
The orc wizard hits you with a +0 dagger.
You clumsily bash the orc wizard but do no damage.
The orc wizard is heavily wounded.
The orc wizard misses you. x2
You clumsily bash the orc wizard but do no damage.
The orc wizard is heavily wounded.
You feel less confused.
The orc splashes around in the water.
The orc wizard hits you with a +0 dagger.
The orc closely misses you.
You shoot a sling bullet. The sling bullet hits the orc wizard.
The orc wizard is severely wounded.
The orc wizard casts a spell at you. The puff of flame misses you.
The orc splashes around in the water.
The orc wizard points at you and mumbles some strange words.
You are confused.
You're too confused to move!
You are engulfed in a cloud of scalding steam.
The orc is engulfed in a cloud of scalding steam.
The orc hits you with a +0 short sword.
The orc wizard is engulfed in a cloud of scalding steam.
The orc wizard dies!
You're too confused to move!
You are engulfed in a cloud of scalding steam.
The orc misses you.
You are engulfed in a cloud of scalding steam.
You die...

#~~~~~~.~~~~~~#
#~~~~.....~~~~#
###~~~.......~~~#
#.#~~.........~~#
#.#~...........~#####
#.#~.....[.....~#....
#.'.............+....
#.#o§..........~#...§
#.#~@..........~##.≈§
......).#§~.........~~#..≈≈
##.##...#~~~.......~~~#..≈§
#.###~~~~.....~~~~#..§§ ..
#~~~~~~.~~~~~~##.§§ #.#
#######'#######..≈§ #.
#.#..............§. ##
................§..
#...#..........##..


You could see an orc.

Vanquished Creatures
  A black bear (D:2)
  An orc priest (D:3)
  An orc wizard (D:3)
  3 adders
  3 worms (D:2)
  4 dart slugs
  9 orcs (D:3)
  3 ball pythons
  5 bats
  5 endoplasms
  3 giant cockroaches
  A goblin (D:2)
  3 hobgoblins
  2 frilled lizards (D:2)
  2 kobolds
  5 rats
51 creatures vanquished.

Vanquished Creatures (others)
  An orc wizard (D:3)
  2 plants (D:2)
3 creatures vanquished.

Grand Total: 54 creatures vanquished

Notes
Turn   | Place    | Note
-------+----------+-------------------------------------------
     0 | D:1      | Bnni the Formicid Hexslinger began the quest for the Orb.
     0 | D:1      | Reached XP level 1. HP: 15/15 MP: 2/2
   206 | D:1      | Reached XP level 2. HP: 21/21 MP: 3/3
   592 | D:1      | Reached skill level 1 in Fire Magic
   919 | D:2      | Reached skill level 4 in Hexes
   919 | D:2      | Reached XP level 3. HP: 14/26 MP: 3/5
   923 | D:2      | Learned a level 3 spell: Inner Flame
  1441 | D:2      | Found a stormy altar of Qazlal.
  1463 | D:2      | Reached XP level 4. HP: 32/32 MP: 6/6
  1726 | D:2      | Found a faded altar of an unknown god.
  2254 | D:3      | Noticed a black bear
  2325 | D:2      | Killed a black bear
  2326 | D:2      | Reached XP level 5. HP: 38/38 MP: 2/8
  2442 | D:3      | Found a blossoming altar of Fedhas.
  2511 | D:3      | Reached XP level 6. HP: 33/44 MP: 9/9
  2525 | D:3      | Reached skill level 5 in Hexes
  2672 | D:3      | Engulfed by a cloud of steam

Illustrated notes

Levels and vault maps discovered:
D:1:      saegor_arrival_simple_d, layout_loops_corners
D:2:      layout_basic, shapermc_ecumenical_altar_pompeii, basic_altar,
          serial_forest, infiniplex_forest_fountain,
          infiniplex_forest_straight_4, infiniplex_forest_clump_small,
          infiniplex_forest_3_way, infiniplex_forest_clump_curved, st_stairs_1,
          grunt_ministairs_10
D:3:      layout_rooms, mainiacjoe_overflow_catwalk, minivault_24,
          roderic_serpentine_path, kennysheep_generic_room_2

Skill      XL: |  1  2  3  4  5  6 |
---------------+-------------------+-----
Fire Magic     | 1 2 |  2.6
Hexes          | 4 5 |  5.1
Fighting       | 2 |  2.3
Ranged Weapons | 3 |  3.6
Spellcasting   | 2 |  2.1
Dodging        | |  1.7

Action                   |  1- 3 |  4- 6 || total
-------------------------+-------+-------++-------
Melee: Sling             |       |     4 ||     4
 Fire: Sling             |   101 |    78 ||   179
 Cast: Slow              |     1 |     4 ||     5
       Inner Flame       |       |     1 ||     1
Armor: Robe              |     8 |     8 ||    16
Dodge: Dodged            |    24 |    50 ||    74

Table legend: (Time is in decaauts)
 A = Elapsed time spent in this place.
 B = Non-inter-level travel time spent in this place.
 C = Inter-level travel time spent in this place.
 D = Time resting spent in this place.
 E = Time spent auto-exploring this place.
 F = Levels seen in this place.
 G = Mean time per level.
                   A        B        C        D        E       F      G
               +--------+--------+--------+--------+--------+-----+--------+
         Total |   2723 |   2633 |     90 |    143 |   2051 |   3 |  907.7 |
       Dungeon |   2723 |   2633 |     90 |    143 |   2051 |   3 |  907.7 |
               +--------+--------+--------+--------+--------+-----+--------+

Top non-repeatable levels by time:
     D:2: 1493 daAuts
     D:1: 924 daAuts
     D:3: 305 daAuts
